Minnesota North Stars vs Colorado Rockies
Created - Thursday, July 27, 2023 at 06:01
Goals
|
| Minnesota North Stars |
0 |
2 |
2 |
4 |
| Colorado Rockies |
0 |
1 |
1 |
2 |
|
Shots
|
| Minnesota North Stars |
12 |
15 |
8 |
35 |
| Colorado Rockies |
5 |
10 |
23 |
38 |
|
1st period
No Goal
Penalties :
Nick Holden (MNS) for Holding (Minor) at 2:44, Evgeny Kuznetsov (COL) for Cross-checking (Minor) at 17:08
2nd period
1. Colorado Rockies , David Pastrnak 9 (Ryan O'Reilly 6) at 3:03
2. Minnesota North Stars , Evgeni Malkin 18 (Anthony Duclair 14, Jack Hughes 22) at 6:46 (PP)
3. Minnesota North Stars , Rasmus Dahlin 2 (Alex Goligoski 3, Evgeni Malkin 15) at 13:28 (PP)
Penalties :
Rasmus Dahlin (MNS) for Hooking (Minor) at 3:31, Roman Josi (COL) for Holding (Minor) at 6:40, Victor Hedman (COL) for Holding Stick (Minor) at 13:14, Tim Stutzle (COL) for Hooking (Minor) at 15:15
3rd period
4. Colorado Rockies , Dylan Strome 3 (Roman Josi 10, Jesper Bratt 6) at 16:45
5. Minnesota North Stars , Rasmus Dahlin 3 (Anthony Duclair 15, Evgeni Malkin 16) at 17:21
6. Minnesota North Stars , Jonathan Toews 9 (Nick Holden 3) at 19:59 (Empty Net)
Penalties :
Victor Hedman (COL) for Hooking (Minor) at 4:14
Goalie Stats
Brian Elliott (MNS), 36 saves from 38 shots - (0.947), W, 16-8-3, 60:00 minutes
Andrei Vasilevskiy (COL), 31 saves from 34 shots - (0.912), L, 15-6-1, 58:32 minutes
Players Stats for Minnesota North Stars
Player Name G A P +/- PIM S H SB GA TA FO MP PP MP PK MP
------------------------------------------------------------------------------------
Adam Lowry 0 0 0 1 0 1 0 1 0 0 8/12 18:35 0:00 2:05
Alex Goligoski 0 1 1 0 0 2 1 0 0 0 0/0 10:20 3:23 0:00
Anthony Duclair 0 2 2 0 0 1 2 1 0 0 0/0 23:35 3:27 2:05
Evgeni Malkin 1 2 3 0 0 6 1 1 2 1 17/27 23:33 3:29 1:53
Gustav Forsling 0 0 0 0 0 1 0 2 0 0 0/0 11:46 0:00 0:00
Gustav Nyquist 0 0 0 -1 0 5 1 0 1 0 0/0 15:32 0:01 0:00
Jack Hughes 0 1 1 0 0 4 0 0 0 0 1/2 23:20 3:29 1:53
Jamie Oleksiak 0 0 0 -1 0 0 0 1 0 0 0/0 19:54 2:54 1:52
Jeff Skinner 0 0 0 1 0 3 5 1 0 1 1/3 19:03 2:47 0:00
Jonathan Toews 1 0 1 0 0 2 2 1 0 1 9/18 18:12 2:47 0:00
Justin Holl 0 0 0 0 0 1 1 0 0 0 0/0 5:54 0:00 0:00
Neal Pionk 0 0 0 0 0 0 0 1 0 1 0/0 21:18 2:54 2:06
Nick Holden 0 1 1 1 2 0 1 0 0 0 0/0 13:46 0:00 1:05
Nino Niederreiter 0 0 0 0 0 0 0 0 0 0 0/0 0:30 0:00 0:00
Rasmus Dahlin 2 0 2 0 2 5 1 1 1 0 0/0 19:56 3:23 0:47
Viktor Arvidsson 0 0 0 0 0 2 3 1 0 0 0/1 18:07 2:47 0:00
Yegor Sharangovich 0 0 0 -1 0 0 1 0 1 0 0/1 15:35 0:04 0:00
Zdeno Chara 0 0 0 0 0 2 1 1 0 0 0/0 17:04 0:00 2:06
Players Stats for Colorado Rockies
Player Name G A P +/- PIM S H SB GA TA FO MP PP MP PK MP
------------------------------------------------------------------------------------
David Pastrnak 1 0 1 1 0 7 4 0 1 0 0/1 14:32 1:57 0:00
Dylan Strome 1 0 1 1 0 2 0 0 0 0 5/11 11:28 0:00 0:00
Evgeny Kuznetsov 0 0 0 -1 2 0 3 0 1 0 12/27 20:03 2:01 0:00
Jakub Vrana 0 0 0 0 0 1 0 0 0 0 0/0 6:04 0:00 0:00
Jesper Bratt 0 1 1 0 0 8 4 0 0 0 0/1 12:31 0:00 0:07
Kevin Hayes 0 0 0 0 0 3 1 0 0 0 0/0 15:41 0:00 2:38
Kyle Connor 0 0 0 -1 0 4 1 0 1 1 0/1 20:04 2:01 0:00
Martin Fehervary 0 0 0 0 0 0 0 1 0 1 0/0 11:57 0:00 1:16
Nick Bonino 0 0 0 0 0 0 0 0 0 0 0/2 9:36 0:00 3:32
Nick Schmaltz 0 0 0 1 0 2 1 1 0 1 1/2 17:49 1:57 2:38
Nikita Kucherov 0 0 0 -1 0 1 0 0 1 0 0/1 20:04 2:01 0:00
Quinn Hughes 0 0 0 1 0 2 0 2 0 1 0/0 24:16 1:56 3:14
Roman Josi 0 1 1 1 2 4 2 1 0 0 0/0 24:16 2:02 2:57
Ryan O'Reilly 0 1 1 0 0 2 1 0 0 0 10/18 19:00 1:57 3:32
Shea Theodore 0 0 0 -1 0 0 3 1 0 0 0/0 17:41 1:56 3:14
Tim Stutzle 0 0 0 0 2 0 0 0 0 0 0/0 6:44 0:00 0:07
Victor Hedman 0 0 0 -1 4 2 1 1 0 0 0/0 23:56 2:02 1:53
Zachary Werenski 0 0 0 0 0 0 1 1 0 1 0/0 17:56 0:00 0:00
3 Stars
1 - Evgeni Malkin (MNS)
2 - Brian Elliott (MNS)
3 - Rasmus Dahlin (MNS)
Power Play
Minnesota North Stars - 2 on 5 Attempt(s) - 40.00%
Colorado Rockies - 0 on 2 Attempt(s) - 0.00%
Penalty Kill
Minnesota North Stars - 2 on 2 Attempt(s) - 100.00%
- Score 0 goal in Penalty Kill
Colorado Rockies - 3 on 5 Attempt(s) - 60.00%
- Score 0 goal in Penalty Kill
Team Stat
Minnesota North Stars - Hits : 20 - Faceoff Wins : 36 - Blocked Shots : 12 - Penalty Minutes : 4
Colorado Rockies - Hits : 22 - Faceoff Wins : 28 - Blocked Shots : 8 - Penalty Minutes : 10
Official
Referees : Jon Mclsaac and Dean Morton
Linesman : Trent Knorr and Brian Murphy
Game Notes
Jonathan Toews has scored in a empty net!
Finance
Level 1 -- Attendance: 6000 (100.00%) -- Ticket Income $540,000
Level 2 -- Attendance: 5000 (100.00%) -- Ticket Income $275,000
Level 3 -- Attendance: 3000 (100.00%) -- Ticket Income $105,000
Level 4 -- Attendance: 5000 (100.00%) -- Ticket Income $125,000
Luxury Box -- Attendance: 1000 (100.00%) -- Ticket Income $175,000
Game was played at the Pepsi Center.
Total Attendance: 20000 (100.00%)
Total Ticket Income: $1,220,000
Other Income: $427,000
Total Income: $1,647,000
Minnesota North Stars
5 vs 5 Forward
Center Left Wing Right Wing Time % Phy DF OF
1 Evgeni Malkin Jack Hughes Anthony Duclair 35 0 2 3
2 Adam Lowry Jeff Skinner Viktor Arvidsson 33 1 2 2
3 Jonathan Toews Gustav Nyquist Yegor Sharangovich 32 1 2 2
4 Evgeni Malkin Jack Hughes Anthony Duclair 0 1 2 2
5 vs 5 Defense
Defense Defense Time % Phy DF OF
1 Rasmus Dahlin Zdeno Chara 30 1 2 2
2 Jamie Oleksiak Neal Pionk 30 2 2 1
3 Gustav Forsling Nick Holden 25 2 2 1
4 Alex Goligoski Justin Holl 15 2 2 1
PowerPlay Forward
Center Left Wing Right Wing Time % Phy DF OF
1 Evgeni Malkin Jack Hughes Anthony Duclair 55 0 2 3
2 Jonathan Toews Jeff Skinner Viktor Arvidsson 45 0 2 3
PowerPlay Defense
Defense Defense Time % Phy DF OF
1 Rasmus Dahlin Alex Goligoski 55 1 2 2
2 Jamie Oleksiak Neal Pionk 45 1 2 2
Penalty Kill 4 Players Forward
Center Wing Time % Phy DF OF
1 Evgeni Malkin Jack Hughes 50 1 2 2
2 Adam Lowry Anthony Duclair 50 2 2 1
Penalty Kill 4 Players Defense
Defense Defense Time % Phy DF OF
1 Neal Pionk Zdeno Chara 50 2 2 1
2 Jamie Oleksiak Rasmus Dahlin 50 2 2 1
Penalty Kill - 3 Players Forward
Forward Time % Phy DF OF
1 Evgeni Malkin 50 1 2 2
2 Jonathan Toews 50 1 2 2
Penalty Kill - 3 Players Defense
Defense Defense Time % Phy DF OF
1 Neal Pionk Zdeno Chara 50 1 2 2
2 Jamie Oleksiak Rasmus Dahlin 50 1 2 2
4 vs 4 Forward
Center Wing Time % Phy DF OF
1 Evgeni Malkin Jack Hughes 50 1 2 2
2 Jonathan Toews Jeff Skinner 50 1 2 2
4 vs 4 Defense
Defense Defense Time % Phy DF OF
1 Rasmus Dahlin Zdeno Chara 50 1 2 2
2 Jamie Oleksiak Neal Pionk 50 1 2 2
Last Minutes Offensive
Center Left Wing Right Wing Defense Defense
Evgeni Malkin Jack Hughes Anthony Duclair Rasmus Dahlin Neal Pionk
Last Minutes Defensive
Center Left Wing Right Wing Defense Defense
Jonathan Toews Adam Lowry Evgeni Malkin Nick Holden Neal Pionk
Goaltenders
Starting : Brian Elliott
Backup : Antti Raanta
Extra Forwards
Normal : Jeff Skinner, Evgeni Malkin, Anthony Duclair - PP : Evgeni Malkin, Anthony Duclair - PK : Nino Niederreiter
Extra Defensemen
Normal : Gustav Forsling, Nick Holden, Alex Goligoski - PP : Gustav Forsling - PK : Nick Holden, Alex Goligoski
Penalty Shots
Evgeni Malkin, Jack Hughes, Jeff Skinner, Anthony Duclair, Jonathan Toews
Colorado Rockies
5 vs 5 Forward
Center Left Wing Right Wing Time % Phy DF OF
1 Evgeny Kuznetsov Kyle Connor Nikita Kucherov 40 1 2 2
2 Ryan O'Reilly Nick Schmaltz David Pastrnak 35 1 2 2
3 Dylan Strome Kevin Hayes Jesper Bratt 20 1 2 2
4 Nick Bonino Tim Stutzle Jakub Vrana 5 1 2 2
5 vs 5 Defense
Defense Defense Time % Phy DF OF
1 Victor Hedman Zachary Werenski 40 1 2 2
2 Quinn Hughes Roman Josi 38 1 2 2
3 Shea Theodore Martin Fehervary 22 1 2 2
4 Victor Hedman Roman Josi 0 1 2 2
PowerPlay Forward
Center Left Wing Right Wing Time % Phy DF OF
1 Evgeny Kuznetsov Kyle Connor Nikita Kucherov 58 1 2 2
2 Ryan O'Reilly Nick Schmaltz David Pastrnak 42 1 2 2
PowerPlay Defense
Defense Defense Time % Phy DF OF
1 Victor Hedman Roman Josi 60 1 2 2
2 Quinn Hughes Shea Theodore 40 1 2 2
Penalty Kill 4 Players Forward
Center Wing Time % Phy DF OF
1 Ryan O'Reilly Nick Bonino 55 1 2 2
2 Kevin Hayes Nick Schmaltz 45 1 2 2
Penalty Kill 4 Players Defense
Defense Defense Time % Phy DF OF
1 Victor Hedman Roman Josi 50 1 2 2
2 Quinn Hughes Shea Theodore 50 1 2 2
Penalty Kill - 3 Players Forward
Forward Time % Phy DF OF
1 Ryan O'Reilly 50 1 2 2
2 Kevin Hayes 50 1 2 2
Penalty Kill - 3 Players Defense
Defense Defense Time % Phy DF OF
1 Victor Hedman Roman Josi 50 1 2 2
2 Quinn Hughes Shea Theodore 50 1 2 2
4 vs 4 Forward
Center Wing Time % Phy DF OF
1 Evgeny Kuznetsov Nikita Kucherov 50 1 2 2
2 Ryan O'Reilly David Pastrnak 50 1 2 2
4 vs 4 Defense
Defense Defense Time % Phy DF OF
1 Victor Hedman Roman Josi 50 1 2 2
2 Quinn Hughes Shea Theodore 50 1 2 2
Last Minutes Offensive
Center Left Wing Right Wing Defense Defense
Evgeny Kuznetsov Kyle Connor Nikita Kucherov Victor Hedman Roman Josi
Last Minutes Defensive
Center Left Wing Right Wing Defense Defense
Evgeny Kuznetsov Kyle Connor Nikita Kucherov Victor Hedman Roman Josi
Goaltenders
Starting : Andrei Vasilevskiy
Backup : Ilya Samsonov
Extra Forwards
Normal : Ryan O'Reilly, Kevin Hayes, Jesper Bratt - PP : Ryan O'Reilly, Kevin Hayes - PK : Jesper Bratt
Extra Defensemen
Normal : Shea Theodore, Martin Fehervary, Quinn Hughes - PP : Shea Theodore - PK : Martin Fehervary, Quinn Hughes
Penalty Shots
Evgeny Kuznetsov, Jakub Vrana, Jesper Bratt, Kevin Hayes, Kyle Connor
% Time on Ice - Minnesota North Stars
Lines # - Real PCT - Wanted PCT - Time Play
Normal Forward
1 - 34% - 35% - 16:49
2 - 32% - 33% - 15:50
3 - 31% - 32% - 14:56
4 - 3% - 0% - 1:14
Normal Defense
1 - 33% - 30% - 16:01
2 - 31% - 30% - 15:08
3 - 24% - 25% - 11:46
4 - 12% - 15% - 5:54
PP Forward
1 - 56% - 55% - 3:30
2 - 44% - 45% - 2:47
PP Defense
1 - 54% - 55% - 3:23
2 - 46% - 45% - 2:54
PK Forward
1 - 47% - 50% - 1:53
2 - 53% - 50% - 2:05
PK Defense
1 - 53% - 50% - 2:06
2 - 47% - 50% - 1:52
PK3 Forward
1 - 0% - 50%
2 - 0% - 50%
PK3 Defense
1 - 0% - 50%
2 - 0% - 50%
44 Forward
1 - 0% - 50%
2 - 0% - 50%
44 Defense
1 - 0% - 50%
2 - 0% - 50%
Last Minute Offensive - 0:00
Last Minute Defensive - 0:56
Total
Forward - 60:00
Defense - 60:00
|
% Time on Ice - Colorado Rockies
Lines # - Real PCT - Wanted PCT - Time Play
Normal Forward
1 - 37% - 40% - 18:03
2 - 27% - 35% - 13:14
3 - 23% - 20% - 11:28
4 - 12% - 5% - 6:04
Normal Defense
1 - 39% - 40% - 19:07
2 - 39% - 38% - 19:06
3 - 22% - 22% - 10:36
4 - 0% - 0% - 0:00
PP Forward
1 - 51% - 58% - 2:01
2 - 49% - 42% - 1:57
PP Defense
1 - 51% - 60% - 2:02
2 - 49% - 40% - 1:56
PK Forward
1 - 58% - 55% - 3:39
2 - 42% - 45% - 2:38
PK Defense
1 - 49% - 50% - 3:03
2 - 51% - 50% - 3:14
PK3 Forward
1 - 0% - 50%
2 - 0% - 50%
PK3 Defense
1 - 0% - 50%
2 - 0% - 50%
44 Forward
1 - 0% - 50%
2 - 0% - 50%
44 Defense
1 - 0% - 50%
2 - 0% - 50%
Last Minute Offensive - 0:56
Last Minute Defensive - 0:00
Total
Forward - 60:00
Defense - 60:00
|
Play-by-Play
1st period
0:01 of 1st period - Evgeni Malkin wins face-off versus Evgeny Kuznetsov in neutral zone.
0:04 of 1st period - Slapshot by Jack Hughes.
0:04 of 1st period - Stopped by Andrei Vasilevskiy with a rebound.
0:58 of 1st period - Snap shot by Jesper Bratt.
0:58 of 1st period - Shot Blocked by Jamie Oleksiak.
1:43 of 1st period - Snap shot by Kyle Connor.
1:43 of 1st period - Stopped by Brian Elliott with a rebound.
1:55 of 1st period - Martin Fehervary is hit by Jonathan Toews and loses puck.
2:44 of 1st period - Minor Penalty to Nick Holden for Holding.
2:45 of 1st period - Evgeny Kuznetsov wins face-off versus Evgeni Malkin in Minnesota North Stars zone.
3:17 of 1st period - Snap shot by David Pastrnak.
3:17 of 1st period - Stopped by Brian Elliott without a rebound.
3:18 of 1st period - Evgeny Kuznetsov wins face-off versus Adam Lowry in Minnesota North Stars zone.
4:00 of 1st period - Jamie Oleksiak is hit by Shea Theodore and loses puck.
4:44 of 1st period - Penalty to Nick Holden is over, Nick Holden is back on ice.
4:55 of 1st period - Slapshot by Jesper Bratt.
4:55 of 1st period - Shot Misses the Net.
4:57 of 1st period - Snap shot by Roman Josi.
4:57 of 1st period - Deflect By Dylan Strome.
4:57 of 1st period - Shot Misses the Net.
4:57 of 1st period - Puck is out of play.
4:58 of 1st period - Jonathan Toews wins face-off versus Dylan Strome in Minnesota North Stars zone.
4:58 of 1st period - Jonathan Toews is hit by Shea Theodore.
5:06 of 1st period - Slapshot by Gustav Nyquist.
5:06 of 1st period - Stopped by Andrei Vasilevskiy without a rebound.
5:07 of 1st period - Dylan Strome wins face-off versus Jonathan Toews in Colorado Rockies zone.
5:07 of 1st period - Dylan Strome is hit by Alex Goligoski.
5:21 of 1st period - Snap shot by Gustav Nyquist.
5:21 of 1st period - Stopped by Andrei Vasilevskiy with a rebound.
5:23 of 1st period - Slapshot by Jonathan Toews.
5:23 of 1st period - Stopped by Andrei Vasilevskiy with a rebound.
5:41 of 1st period - Slapshot by Jonathan Toews.
5:41 of 1st period - Shot Misses the Net.
5:43 of 1st period - Snap shot by Jonathan Toews.
5:43 of 1st period - Shot Misses the Net.
5:45 of 1st period - Slapshot by Yegor Sharangovich.
5:45 of 1st period - Shot Misses the Net.
5:47 of 1st period - Slapshot by Alex Goligoski.
5:47 of 1st period - Stopped by Andrei Vasilevskiy with a rebound.
5:59 of 1st period - Snap shot by Yegor Sharangovich.
5:59 of 1st period - Shot Misses the Net.
6:01 of 1st period - Snap shot by Gustav Nyquist.
6:01 of 1st period - Shot Misses the Net.
6:03 of 1st period - Slapshot by Justin Holl.
6:03 of 1st period - Stopped by Andrei Vasilevskiy without a rebound.
6:04 of 1st period - Evgeny Kuznetsov wins face-off versus Adam Lowry in Colorado Rockies zone.
6:38 of 1st period - Jack Hughes is hit by David Pastrnak and loses puck.
7:09 of 1st period - Snap shot by Jack Hughes.
7:09 of 1st period - Shot Misses the Net.
7:11 of 1st period - Slapshot by Nick Holden.
7:11 of 1st period - Shot Blocked by Zachary Werenski.
7:13 of 1st period - Slapshot by Gustav Forsling.
7:13 of 1st period - Stopped by Andrei Vasilevskiy without a rebound.
7:14 of 1st period - Adam Lowry wins face-off versus Kyle Connor in Colorado Rockies zone.
7:15 of 1st period - Snap shot by Viktor Arvidsson.
7:15 of 1st period - Shot Misses the Net.
7:17 of 1st period - Slapshot by Adam Lowry.
7:17 of 1st period - Stopped by Andrei Vasilevskiy with a rebound.
7:19 of 1st period - Slapshot by Rasmus Dahlin.
7:19 of 1st period - Stopped by Andrei Vasilevskiy with a rebound.
7:21 of 1st period - Slapshot by Zdeno Chara.
7:21 of 1st period - Stopped by Andrei Vasilevskiy with a rebound.
7:25 of 1st period - Backhand shot by Jeff Skinner.
7:25 of 1st period - Stopped by Andrei Vasilevskiy with a rebound.
7:27 of 1st period - Slapshot by Zdeno Chara.
7:27 of 1st period - Stopped by Andrei Vasilevskiy without a rebound.
7:28 of 1st period - Adam Lowry wins face-off versus Evgeny Kuznetsov in Colorado Rockies zone.
8:14 of 1st period - Snap shot by Dylan Strome.
8:14 of 1st period - Stopped by Brian Elliott with a rebound.
9:02 of 1st period - Snap shot by Nikita Kucherov.
9:02 of 1st period - Shot Misses the Net.
9:08 of 1st period - Nick Schmaltz is hit by Evgeni Malkin and loses puck.
9:35 of 1st period - Snap shot by Yegor Sharangovich.
9:35 of 1st period - Shot Misses the Net.
11:25 of 1st period - Snap shot by Kyle Connor.
11:25 of 1st period - Stopped by Brian Elliott without a rebound.
11:26 of 1st period - Evgeni Malkin wins face-off versus Evgeny Kuznetsov in Minnesota North Stars zone.
12:02 of 1st period - Jeff Skinner is hit by Victor Hedman and loses puck.
13:10 of 1st period - Wrist shot by Ryan O'Reilly.
13:10 of 1st period - Stopped by Brian Elliott without a rebound.
13:11 of 1st period - Evgeny Kuznetsov wins face-off versus Jack Hughes in Minnesota North Stars zone.
13:24 of 1st period - Snap shot by Kyle Connor.
13:24 of 1st period - Shot Blocked by Anthony Duclair.
14:03 of 1st period - Yegor Sharangovich is hit by Kevin Hayes.
14:25 of 1st period - Justin Holl is hit by Jesper Bratt and loses puck.
15:14 of 1st period - Nick Schmaltz is hit by Viktor Arvidsson and loses puck.
15:24 of 1st period - Icing by Nick Holden.
15:25 of 1st period - Adam Lowry wins face-off versus Nick Bonino in Minnesota North Stars zone.
17:01 of 1st period - Kyle Connor is hit by Jonathan Toews and loses puck.
17:08 of 1st period - Minor Penalty to Evgeny Kuznetsov for Cross-checking.
17:09 of 1st period - Evgeni Malkin wins face-off versus Ryan O'Reilly in Colorado Rockies zone.
17:24 of 1st period - Snap shot by Anthony Duclair.
17:24 of 1st period - Shot Misses the Net.
18:48 of 1st period - Jamie Oleksiak is hit by Ryan O'Reilly and loses puck.
19:08 of 1st period - Penalty to Evgeny Kuznetsov is over, Evgeny Kuznetsov is back on ice.
19:19 of 1st period - Nikita Kucherov is hit by Rasmus Dahlin.
19:57 of 1st period - Icing by Nick Bonino.
19:58 of 1st period - Evgeni Malkin wins face-off versus Evgeny Kuznetsov in Colorado Rockies zone.
Goals for this period are 0 for Minnesota North Stars vs 0 for Colorado Rockies.
Shots for this period are 12 for Minnesota North Stars vs 5 for Colorado Rockies.
2nd period
0:01 of 2nd period - Evgeny Kuznetsov wins face-off versus Evgeni Malkin in neutral zone.
0:26 of 2nd period - Roman Josi is hit by Viktor Arvidsson and loses puck.
0:33 of 2nd period - Snap shot by Viktor Arvidsson.
0:33 of 2nd period - Stopped by Andrei Vasilevskiy with a rebound.
0:35 of 2nd period - Slapshot by Jeff Skinner.
0:35 of 2nd period - Shot Hit the Post.
0:45 of 2nd period - Gustav Nyquist is hit by Jesper Bratt and loses puck.
0:54 of 2nd period - Dylan Strome is hit by Yegor Sharangovich and loses puck.
1:25 of 2nd period - Viktor Arvidsson is hit by Evgeny Kuznetsov and loses puck.
1:38 of 2nd period - Slapshot by Nikita Kucherov.
1:38 of 2nd period - Shot Misses the Net.
2:07 of 2nd period - Wrist shot by Evgeni Malkin.
2:07 of 2nd period - Shot Misses the Net.
2:16 of 2nd period - Off-side.
2:17 of 2nd period - Adam Lowry wins face-off versus Dylan Strome in neutral zone.
2:30 of 2nd period - Snap shot by Viktor Arvidsson.
2:30 of 2nd period - Shot Blocked by Quinn Hughes.
2:49 of 2nd period - Wrist shot by Nikita Kucherov.
2:49 of 2nd period - Shot Misses the Net.
3:03 of 2nd period - Wrist shot by David Pastrnak.
3:03 of 2nd period - Goal by David Pastrnak - Minnesota North Stars : 0 - Colorado Rockies : 1.
3:04 of 2nd period - Evgeny Kuznetsov wins face-off versus Evgeni Malkin in neutral zone.
3:16 of 2nd period - Snap shot by Evgeni Malkin.
3:16 of 2nd period - Stopped by Andrei Vasilevskiy with a rebound.
3:31 of 2nd period - Minor Penalty to Rasmus Dahlin for Hooking.
3:32 of 2nd period - Adam Lowry wins face-off versus Evgeny Kuznetsov in Minnesota North Stars zone.
4:00 of 2nd period - Icing by David Pastrnak.
4:01 of 2nd period - Ryan O'Reilly wins face-off versus Evgeni Malkin in Colorado Rockies zone.
4:19 of 2nd period - Shea Theodore is hit by Anthony Duclair and loses puck.
4:30 of 2nd period - Wrist shot by David Pastrnak.
4:30 of 2nd period - Stopped by Brian Elliott with a rebound.
4:52 of 2nd period - Slapshot by Nick Schmaltz.
4:52 of 2nd period - Shot Misses the Net.
4:54 of 2nd period - Snap shot by David Pastrnak.
4:54 of 2nd period - Deflect By Nick Schmaltz.
4:54 of 2nd period - Shot Blocked by Neal Pionk.
4:54 of 2nd period - Puck is out of play.
4:55 of 2nd period - Evgeny Kuznetsov wins face-off versus Evgeni Malkin in Minnesota North Stars zone.
4:56 of 2nd period - Slapshot by Nikita Kucherov.
4:56 of 2nd period - Shot Misses the Net.
4:58 of 2nd period - Slapshot by Roman Josi.
4:58 of 2nd period - Stopped by Brian Elliott with a rebound.
5:00 of 2nd period - Snap shot by Nikita Kucherov.
5:00 of 2nd period - Shot Misses the Net.
5:31 of 2nd period - Penalty to Rasmus Dahlin is over, Rasmus Dahlin is back on ice.
6:07 of 2nd period - Victor Hedman is hit by Justin Holl.
6:21 of 2nd period - Anthony Duclair is hit by Jesper Bratt and loses puck.
6:40 of 2nd period - Minor Penalty to Roman Josi for Holding.
6:41 of 2nd period - Evgeni Malkin wins face-off versus Ryan O'Reilly in Colorado Rockies zone.
6:44 of 2nd period - Slapshot by Jack Hughes.
6:44 of 2nd period - Shot Hit the Post.
6:46 of 2nd period - Slapshot by Anthony Duclair.
6:46 of 2nd period - Deflect By Evgeni Malkin.
6:46 of 2nd period - Goal by Evgeni Malkin - Minnesota North Stars : 1 - Colorado Rockies : 1.
6:47 of 2nd period - Evgeni Malkin wins face-off versus Evgeny Kuznetsov in neutral zone.
6:50 of 2nd period - Snap shot by Jack Hughes.
6:50 of 2nd period - Stopped by Andrei Vasilevskiy without a rebound.
6:51 of 2nd period - Evgeni Malkin wins face-off versus Evgeny Kuznetsov in Colorado Rockies zone.
8:15 of 2nd period - Wrist shot by Roman Josi.
8:15 of 2nd period - Deflect By Yegor Sharangovich.
8:15 of 2nd period - Stopped by Brian Elliott without a rebound.
8:16 of 2nd period - Jonathan Toews wins face-off versus Nick Bonino in Minnesota North Stars zone.
8:27 of 2nd period - Rasmus Dahlin is hit by Shea Theodore and loses puck.
8:38 of 2nd period - Snap shot by Gustav Nyquist.
8:38 of 2nd period - Shot Blocked by Martin Fehervary.
8:40 of 2nd period - Slapshot by Gustav Nyquist.
8:40 of 2nd period - Stopped by Andrei Vasilevskiy without a rebound.
8:41 of 2nd period - Jeff Skinner wins face-off versus Evgeny Kuznetsov in Colorado Rockies zone.
8:48 of 2nd period - Slapshot by Viktor Arvidsson.
8:48 of 2nd period - Deflect By Jeff Skinner.
8:48 of 2nd period - Stopped by Andrei Vasilevskiy with a rebound.
8:50 of 2nd period - Backhand shot by Jamie Oleksiak.
8:50 of 2nd period - Shot Misses the Net.
8:52 of 2nd period - Snap shot by Jamie Oleksiak.
8:52 of 2nd period - Shot Misses the Net.
9:08 of 2nd period - Jamie Oleksiak is hit by Roman Josi.
9:18 of 2nd period - Snap shot by David Pastrnak.
9:18 of 2nd period - Stopped by Brian Elliott with a rebound.
9:38 of 2nd period - Slapshot by Rasmus Dahlin.
9:38 of 2nd period - Shot Misses the Net.
9:57 of 2nd period - Wrist shot by Jeff Skinner.
9:57 of 2nd period - Shot Misses the Net.
10:10 of 2nd period - Evgeny Kuznetsov is hit by Jeff Skinner and loses puck.
10:29 of 2nd period - Victor Hedman is hit by Jeff Skinner and loses puck.
10:39 of 2nd period - Off-side.
10:40 of 2nd period - Ryan O'Reilly wins face-off versus Evgeni Malkin in neutral zone.
10:47 of 2nd period - Wrist shot by Jack Hughes.
10:47 of 2nd period - Stopped by Andrei Vasilevskiy without a rebound.
10:48 of 2nd period - Evgeni Malkin wins face-off versus Ryan O'Reilly in Colorado Rockies zone.
10:51 of 2nd period - Slapshot by Evgeni Malkin.
10:51 of 2nd period - Shot Blocked by Quinn Hughes.
12:22 of 2nd period - Wrist shot by Anthony Duclair.
12:22 of 2nd period - Deflect By Evgeni Malkin.
12:22 of 2nd period - Stopped by Andrei Vasilevskiy without a rebound.
12:23 of 2nd period - Evgeny Kuznetsov wins face-off versus Jonathan Toews in Colorado Rockies zone.
12:25 of 2nd period - Icing by Nikita Kucherov.
12:26 of 2nd period - Jonathan Toews wins face-off versus Evgeny Kuznetsov in Colorado Rockies zone.
12:39 of 2nd period - Backhand shot by Yegor Sharangovich.
12:39 of 2nd period - Shot Misses the Net.
12:41 of 2nd period - Snap shot by Rasmus Dahlin.
12:41 of 2nd period - Stopped by Andrei Vasilevskiy without a rebound.
12:42 of 2nd period - Adam Lowry wins face-off versus Evgeny Kuznetsov in Colorado Rockies zone.
12:43 of 2nd period - Slapshot by Viktor Arvidsson.
12:43 of 2nd period - Shot Misses the Net.
12:52 of 2nd period - Snap shot by Jeff Skinner.
12:52 of 2nd period - Stopped by Andrei Vasilevskiy without a rebound.
12:53 of 2nd period - Adam Lowry wins face-off versus Evgeny Kuznetsov in Colorado Rockies zone.
13:14 of 2nd period - Minor Penalty to Victor Hedman for Holding Stick.
13:15 of 2nd period - Evgeni Malkin wins face-off versus Ryan O'Reilly in Colorado Rockies zone.
13:22 of 2nd period - Slapshot by Evgeni Malkin.
13:22 of 2nd period - Shot Misses the Net.
13:24 of 2nd period - Slapshot by Rasmus Dahlin.
13:24 of 2nd period - Stopped by Andrei Vasilevskiy with a rebound.
13:26 of 2nd period - Slapshot by Alex Goligoski.
13:26 of 2nd period - Shot Blocked by Shea Theodore.
13:28 of 2nd period - Snap shot by Rasmus Dahlin.
13:28 of 2nd period - Goal by Rasmus Dahlin - Minnesota North Stars : 2 - Colorado Rockies : 1.
13:29 of 2nd period - Evgeny Kuznetsov wins face-off versus Jonathan Toews in neutral zone.
13:34 of 2nd period - Snap shot by Evgeny Kuznetsov.
13:34 of 2nd period - Deflect By Jonathan Toews.
13:34 of 2nd period - Shot Misses the Net.
13:34 of 2nd period - Puck is out of play.
13:35 of 2nd period - Jonathan Toews wins face-off versus Evgeny Kuznetsov in Minnesota North Stars zone.
13:35 of 2nd period - Jonathan Toews is hit by Kyle Connor.
14:10 of 2nd period - Snap shot by Viktor Arvidsson.
14:10 of 2nd period - Stopped by Andrei Vasilevskiy with a rebound.
14:12 of 2nd period - Wrist shot by Viktor Arvidsson.
14:12 of 2nd period - Shot Blocked by Nick Schmaltz.
14:24 of 2nd period - Slapshot by Jesper Bratt.
14:24 of 2nd period - Shot Blocked by Evgeni Malkin.
14:26 of 2nd period - Wrist shot by Jesper Bratt.
14:26 of 2nd period - Stopped by Brian Elliott with a rebound.
14:32 of 2nd period - Slapshot by Dylan Strome.
14:32 of 2nd period - Shot Blocked by Gustav Forsling.
14:34 of 2nd period - Slapshot by Dylan Strome.
14:34 of 2nd period - Shot Misses the Net.
15:06 of 2nd period - Snap shot by Tim Stutzle.
15:06 of 2nd period - Deflect By Jakub Vrana.
15:06 of 2nd period - Stopped by Brian Elliott with a rebound.
15:15 of 2nd period - Minor Penalty to Tim Stutzle for Hooking.
15:16 of 2nd period - Ryan O'Reilly wins face-off versus Evgeni Malkin in Colorado Rockies zone.
16:17 of 2nd period - Nick Schmaltz is hit by Viktor Arvidsson and loses puck.
16:28 of 2nd period - Snap shot by Jeff Skinner.
16:28 of 2nd period - Shot Blocked by Victor Hedman.
16:30 of 2nd period - Slapshot by Rasmus Dahlin.
16:30 of 2nd period - Shot Blocked by Roman Josi.
16:32 of 2nd period - Snap shot by Jeff Skinner.
16:32 of 2nd period - Shot Misses the Net.
16:34 of 2nd period - Slapshot by Alex Goligoski.
16:34 of 2nd period - Stopped by Andrei Vasilevskiy without a rebound.
16:35 of 2nd period - Evgeni Malkin wins face-off versus Ryan O'Reilly in Colorado Rockies zone.
17:15 of 2nd period - Penalty to Tim Stutzle is over, Tim Stutzle is back on ice.
17:22 of 2nd period - Wrist shot by Nick Schmaltz.
17:22 of 2nd period - Stopped by Brian Elliott with a rebound.
17:48 of 2nd period - Snap shot by Anthony Duclair.
17:48 of 2nd period - Stopped by Andrei Vasilevskiy without a rebound.
17:49 of 2nd period - Evgeny Kuznetsov wins face-off versus Jonathan Toews in Colorado Rockies zone.
18:16 of 2nd period - Tim Stutzle is hit by Nick Holden and loses puck.
19:17 of 2nd period - Snap shot by Jesper Bratt.
19:17 of 2nd period - Stopped by Brian Elliott without a rebound.
19:18 of 2nd period - Evgeni Malkin wins face-off versus Jesper Bratt in Minnesota North Stars zone.
19:43 of 2nd period - Gustav Nyquist is hit by Evgeny Kuznetsov and loses puck.
19:58 of 2nd period - Snap shot by Nick Schmaltz.
19:58 of 2nd period - Deflect By David Pastrnak.
19:58 of 2nd period - Stopped by Brian Elliott without a rebound.
19:59 of 2nd period - Ryan O'Reilly wins face-off versus Adam Lowry in Minnesota North Stars zone.
Goals for this period are 2 for Minnesota North Stars vs 1 for Colorado Rockies.
Shots for this period are 15 for Minnesota North Stars vs 10 for Colorado Rockies.
3rd period
0:01 of 3rd period - Evgeni Malkin wins face-off versus Nikita Kucherov in neutral zone.
0:08 of 3rd period - Wrist shot by Evgeni Malkin.
0:08 of 3rd period - Stopped by Andrei Vasilevskiy with a rebound.
0:16 of 3rd period - Slapshot by Nikita Kucherov.
0:16 of 3rd period - Deflect By Kyle Connor.
0:16 of 3rd period - Stopped by Brian Elliott without a rebound.
0:17 of 3rd period - Adam Lowry wins face-off versus Ryan O'Reilly in Minnesota North Stars zone.
0:43 of 3rd period - Kyle Connor is hit by Anthony Duclair and loses puck.
1:06 of 3rd period - Wrist shot by Gustav Nyquist.
1:06 of 3rd period - Stopped by Andrei Vasilevskiy without a rebound.
1:07 of 3rd period - Dylan Strome wins face-off versus Jonathan Toews in Colorado Rockies zone.
1:12 of 3rd period - Slapshot by Quinn Hughes.
1:12 of 3rd period - Deflect By Jonathan Toews.
1:12 of 3rd period - Stopped by Brian Elliott without a rebound.
1:13 of 3rd period - Evgeny Kuznetsov wins face-off versus Jeff Skinner in Minnesota North Stars zone.
1:16 of 3rd period - Snap shot by Kyle Connor.
1:16 of 3rd period - Stopped by Brian Elliott with a rebound.
1:26 of 3rd period - Roman Josi is hit by Jeff Skinner and loses puck.
2:02 of 3rd period - Rasmus Dahlin is hit by Nick Schmaltz and loses puck.
2:23 of 3rd period - Jesper Bratt is hit by Zdeno Chara and loses puck.
3:08 of 3rd period - Nick Holden is hit by David Pastrnak and loses puck.
3:25 of 3rd period - Nick Bonino is hit by Jeff Skinner and loses puck.
3:52 of 3rd period - Wrist shot by Evgeny Kuznetsov.
3:52 of 3rd period - Deflect By Nikita Kucherov.
3:52 of 3rd period - Shot Misses the Net.
3:52 of 3rd period - Puck is out of play.
3:53 of 3rd period - Jack Hughes wins face-off versus David Pastrnak in Minnesota North Stars zone.
4:14 of 3rd period - Minor Penalty to Victor Hedman for Hooking.
4:15 of 3rd period - Ryan O'Reilly wins face-off versus Evgeni Malkin in Colorado Rockies zone.
4:22 of 3rd period - Evgeni Malkin is hit by Roman Josi and loses puck.
5:59 of 3rd period - Ryan O'Reilly is hit by Jeff Skinner and loses puck.
6:14 of 3rd period - Penalty to Victor Hedman is over, Victor Hedman is back on ice.
6:43 of 3rd period - Icing by Gustav Nyquist.
6:44 of 3rd period - Jonathan Toews wins face-off versus Dylan Strome in Minnesota North Stars zone.
8:10 of 3rd period - Icing by Nick Holden.
8:11 of 3rd period - Evgeni Malkin wins face-off versus Nick Schmaltz in Minnesota North Stars zone.
8:11 of 3rd period - Evgeni Malkin is hit by Zachary Werenski.
8:56 of 3rd period - Off-side.
8:57 of 3rd period - Evgeny Kuznetsov wins face-off versus Jonathan Toews in neutral zone.
9:12 of 3rd period - Snap shot by Gustav Nyquist.
9:12 of 3rd period - Stopped by Andrei Vasilevskiy without a rebound.
9:13 of 3rd period - Ryan O'Reilly wins face-off versus Evgeni Malkin in Colorado Rockies zone.
9:18 of 3rd period - Wrist shot by Nick Schmaltz.
9:18 of 3rd period - Stopped by Brian Elliott without a rebound.
9:19 of 3rd period - Evgeni Malkin wins face-off versus Ryan O'Reilly in Minnesota North Stars zone.
9:31 of 3rd period - Backhand shot by Roman Josi.
9:31 of 3rd period - Stopped by Brian Elliott with a rebound.
9:35 of 3rd period - Snap shot by David Pastrnak.
9:35 of 3rd period - Stopped by Brian Elliott with a rebound.
10:20 of 3rd period - Wrist shot by Kevin Hayes.
10:20 of 3rd period - Stopped by Brian Elliott with a rebound.
10:22 of 3rd period - Wrist shot by Dylan Strome.
10:22 of 3rd period - Shot Misses the Net.
11:24 of 3rd period - Viktor Arvidsson is hit by Jesper Bratt and loses puck.
11:31 of 3rd period - Snap shot by Dylan Strome.
11:31 of 3rd period - Shot Blocked by Viktor Arvidsson.
11:41 of 3rd period - Snap shot by Tim Stutzle.
11:41 of 3rd period - Shot Misses the Net.
11:47 of 3rd period - Wrist shot by Jakub Vrana.
11:47 of 3rd period - Shot Blocked by Rasmus Dahlin.
11:49 of 3rd period - Slapshot by Tim Stutzle.
11:49 of 3rd period - Shot Misses the Net.
11:51 of 3rd period - Snap shot by Nick Bonino.
11:51 of 3rd period - Deflect By Tim Stutzle.
11:51 of 3rd period - Shot Misses the Net.
11:51 of 3rd period - Puck is out of play.
11:52 of 3rd period - Evgeni Malkin wins face-off versus Evgeny Kuznetsov in Minnesota North Stars zone.
11:59 of 3rd period - Slapshot by Jack Hughes.
11:59 of 3rd period - Stopped by Andrei Vasilevskiy without a rebound.
12:00 of 3rd period - Evgeni Malkin wins face-off versus Evgeny Kuznetsov in Colorado Rockies zone.
12:01 of 3rd period - Wrist shot by Anthony Duclair.
12:01 of 3rd period - Deflect By Evgeni Malkin.
12:01 of 3rd period - Stopped by Andrei Vasilevskiy with a rebound.
13:39 of 3rd period - Slapshot by Nikita Kucherov.
13:39 of 3rd period - Stopped by Brian Elliott without a rebound.
13:40 of 3rd period - Jonathan Toews wins face-off versus Ryan O'Reilly in Minnesota North Stars zone.
13:40 of 3rd period - Jonathan Toews is hit by David Pastrnak.
13:54 of 3rd period - Slapshot by Victor Hedman.
13:54 of 3rd period - Deflect By Jonathan Toews.
13:54 of 3rd period - Stopped by Brian Elliott without a rebound.
13:55 of 3rd period - Nick Schmaltz wins face-off versus Viktor Arvidsson in Minnesota North Stars zone.
13:56 of 3rd period - Wrist shot by David Pastrnak.
13:56 of 3rd period - Stopped by Brian Elliott without a rebound.
13:57 of 3rd period - Ryan O'Reilly wins face-off versus Adam Lowry in Minnesota North Stars zone.
15:13 of 3rd period - Viktor Arvidsson is hit by David Pastrnak and loses puck.
16:16 of 3rd period - Snap shot by Nick Bonino.
16:16 of 3rd period - Shot Misses the Net.
16:32 of 3rd period - Wrist shot by Jesper Bratt.
16:32 of 3rd period - Stopped by Brian Elliott without a rebound.
16:33 of 3rd period - Dylan Strome wins face-off versus Yegor Sharangovich in Minnesota North Stars zone.
16:33 of 3rd period - Dylan Strome is hit by Gustav Nyquist.
16:35 of 3rd period - Slapshot by Roman Josi.
16:35 of 3rd period - Shot Misses the Net.
16:37 of 3rd period - Wrist shot by Kevin Hayes.
16:37 of 3rd period - Deflect By Gustav Nyquist.
16:37 of 3rd period - Stopped by Brian Elliott without a rebound.
16:38 of 3rd period - Dylan Strome wins face-off versus Evgeni Malkin in Minnesota North Stars zone.
16:41 of 3rd period - Snap shot by Jesper Bratt.
16:41 of 3rd period - Stopped by Brian Elliott with a rebound.
16:43 of 3rd period - Wrist shot by Roman Josi.
16:43 of 3rd period - Shot Blocked by Zdeno Chara.
16:45 of 3rd period - Snap shot by Dylan Strome.
16:45 of 3rd period - Goal by Dylan Strome - Minnesota North Stars : 2 - Colorado Rockies : 2.
16:46 of 3rd period - Jonathan Toews wins face-off versus Dylan Strome in neutral zone.
16:55 of 3rd period - Snap shot by Kevin Hayes.
16:55 of 3rd period - Deflect By Dylan Strome.
16:55 of 3rd period - Shot Hit the Post.
16:55 of 3rd period - Puck is out of play.
16:56 of 3rd period - Jonathan Toews wins face-off versus Dylan Strome in Minnesota North Stars zone.
17:03 of 3rd period - Slapshot by Kevin Hayes.
17:03 of 3rd period - Shot Blocked by Gustav Forsling.
17:07 of 3rd period - Snap shot by Jesper Bratt.
17:07 of 3rd period - Stopped by Brian Elliott with a rebound.
17:09 of 3rd period - Slapshot by Jesper Bratt.
17:09 of 3rd period - Shot Misses the Net.
17:11 of 3rd period - Wrist shot by Jesper Bratt.
17:11 of 3rd period - Shot Blocked by Jonathan Toews.
17:13 of 3rd period - Slapshot by Kevin Hayes.
17:13 of 3rd period - Stopped by Brian Elliott with a rebound.
17:15 of 3rd period - Slapshot by Roman Josi.
17:15 of 3rd period - Stopped by Brian Elliott without a rebound.
17:16 of 3rd period - Evgeni Malkin wins face-off versus Evgeny Kuznetsov in Minnesota North Stars zone.
17:21 of 3rd period - Wrist shot by Rasmus Dahlin.
17:21 of 3rd period - Deflect By Nikita Kucherov.
17:21 of 3rd period - Goal by Rasmus Dahlin - Minnesota North Stars : 3 - Colorado Rockies : 2.
17:22 of 3rd period - Dylan Strome wins face-off versus Jonathan Toews in neutral zone.
17:27 of 3rd period - Slapshot by Quinn Hughes.
17:27 of 3rd period - Stopped by Brian Elliott without a rebound.
17:28 of 3rd period - Jonathan Toews wins face-off versus Dylan Strome in Minnesota North Stars zone.
17:59 of 3rd period - Snap shot by Anthony Duclair.
17:59 of 3rd period - Deflect By Evgeni Malkin.
17:59 of 3rd period - Stopped by Andrei Vasilevskiy with a rebound.
18:14 of 3rd period - Zdeno Chara is hit by Evgeny Kuznetsov and loses puck.
18:31 of 3rd period - Colorado Rockies, Andrei Vasilevskiy is pulled from the net.
18:51 of 3rd period - Wrist shot by Evgeny Kuznetsov.
18:51 of 3rd period - Shot Misses the Net.
18:57 of 3rd period - Wrist shot by Evgeny Kuznetsov.
18:57 of 3rd period - Shot Misses the Net.
19:03 of 3rd period - Slapshot by Evgeny Kuznetsov.
19:03 of 3rd period - Deflect By Nikita Kucherov.
19:03 of 3rd period - Shot Misses the Net.
19:03 of 3rd period - Puck is out of play.
19:04 of 3rd period - Bruce Cassidy call a timeout for Colorado Rockies.
19:04 of 3rd period - Ryan O'Reilly wins face-off versus Jonathan Toews in Minnesota North Stars zone.
19:05 of 3rd period - Wrist shot by Jesper Bratt.
19:05 of 3rd period - Stopped by Brian Elliott with a rebound.
19:07 of 3rd period - Snap shot by Victor Hedman.
19:07 of 3rd period - Stopped by Brian Elliott with a rebound.
19:09 of 3rd period - Snap shot by Jesper Bratt.
19:09 of 3rd period - Shot Blocked by Jeff Skinner.
19:11 of 3rd period - Snap shot by Ryan O'Reilly.
19:11 of 3rd period - Deflect By Jesper Bratt.
19:11 of 3rd period - Stopped by Brian Elliott with a rebound.
19:13 of 3rd period - Snap shot by Ryan O'Reilly.
19:13 of 3rd period - Stopped by Brian Elliott without a rebound.
19:14 of 3rd period - Ryan O'Reilly wins face-off versus Jeff Skinner in Minnesota North Stars zone.
19:27 of 3rd period - Wrist shot by Ryan O'Reilly.
19:27 of 3rd period - Shot Blocked by Adam Lowry.
19:29 of 3rd period - Snap shot by Jesper Bratt.
19:29 of 3rd period - Stopped by Brian Elliott without a rebound.
19:30 of 3rd period - Ryan O'Reilly wins face-off versus Jonathan Toews in Minnesota North Stars zone.
19:44 of 3rd period - Wrist shot by Shea Theodore.
19:44 of 3rd period - Shot Misses the Net.
19:46 of 3rd period - Wrist shot by Ryan O'Reilly.
19:46 of 3rd period - Shot Misses the Net.
19:59 of 3rd period - Slapshot by Jonathan Toews.
19:59 of 3rd period - Goal by Jonathan Toews - Minnesota North Stars : 4 - Colorado Rockies : 2.
19:59 of 3rd period - Andrei Vasilevskiy from Colorado Rockies was sent back in the game.
Goals for this period are 2 for Minnesota North Stars vs 1 for Colorado Rockies.
Shots for this period are 8 for Minnesota North Stars vs 23 for Colorado Rockies.
Back to the Top